 Dungeon Crawl Stone Soup version 0.30-a0-860-g512cf1e979 (webtiles) character file.

Game seed: 8849683267772878657

7 NinjaNoafa the Gusty (level 1, 0/14 HPs)
             Began as a Draconian Air Elementalist on Mar 7, 2023.
             Slain by a jackal (3 damage)
             ... on level 1 of the Dungeon.
             The game lasted 00:01:20 (198 turns).

NinjaNoafa the Gusty (Draconian Air Elementalist)    Turns: 198, Time: 00:01:21

Health: 0/14       AC:  4    Str: 10    XL:     1   Next: 91%
Magic:  0/3        EV: 12    Int: 15    God:
Gold:   4          SH:  0    Dex: 11    Spells: 3/4 levels left

rFire   . . .      SeeInvis .    (no weapon)
rCold   . . .      Faith    .    (no shield)
rNeg    . . .      Spirit   .    (body armour unavailable)
rPois   .          Reflect  .    (helmet restricted)
rElec   .          Rampage  .    (no cloak)
rCorr   .                        (no gloves)
Will    .....                    (no boots)
Stlth   ++                       (no amulet)
HPRegen 0.22/turn                (no ring)
MPRegen 0.08/turn                (no ring)

@: very slightly contaminated
A: AC +4, unfitting armour, cold-blooded
a: no special abilities


You were on level 1 of the Dungeon.
You visited 1 branch of the dungeon, and saw 1 of its levels.

You collected 4 gold pieces.

You aren't carrying anything.


   Skills:
 - Level 1.7 Dodging
 - Level 1.7 Stealth
 + Level 2.2 Spellcasting
 + Level 1.3 Conjurations
 + Level 3.1 Air Magic


You had 3 spell levels left.
You knew the following spells:

 Your Spells              Type           Power      Damage    Failure   Level
a - Shock                 Conj/Air       32%        1d5       9%          1

Your spell library contained the following spells:

 Spells                   Type           Power      Damage    Failure   Level
 Static Discharge         Conj/Air       16%        2-3/arc   13%         2
 Swiftness                Air            11%        N/A       19%         3
 Airstrike                Air            5%         2d(1-17)  52%         4


Dungeon Overview and Level Annotations

Branches:
Dungeon (1/15)

Altars:


Innate Abilities, Weirdness & Mutations

Your plain brown scales are hard. (AC +4)
You cannot fit into any form of body armour.
You are cold-blooded and may be slowed by cold attacks.


Message History

* * * LOW HITPOINT WARNING * * *
Aiming: Shock (safe; 9% risk of failure)
Press: ? - help, Q - select action Shift-Dir - straight line, f/p - quokka
Aim: a quokka (moderately wounded, 56% to hit)
The zap misses the jackal.
The zap hits the quokka.
You kill the quokka!
The jackal barely misses you. The jackal bites you.
* * * LOW HITPOINT WARNING * * *
The jackal closely misses you. x2
The jackal bites you but does no damage.
Aiming: Shock (safe; 9% risk of failure)
Press: ? - help, Q - select action Shift-Dir - straight line, f - jackal
Aim: a jackal (60% to hit)
The zap hits the jackal.
The jackal is almost dead.
The jackal barely misses you. The jackal completely misses you.
The jackal barely misses you.
The jackal bites you but does no damage.
Aiming: Shock (safe; 9% risk of failure)
Press: ? - help, Q - select action Shift-Dir - straight line, f/p - jackal
Aim: a jackal (almost dead, 60% to hit)
You miscast Shock.
You are very lightly contaminated with residual magic.
Nothing appears to happen.
The jackal barely misses you. The jackal closely misses you.
The jackal misses you. The jackal closely misses you.
The jackal barely misses you. The jackal closely misses you.
The jackal attacks as you move away! The jackal closely misses you.
Aiming: Shock (safe; 9% risk of failure)
Press: ? - help, Q - select action Shift-Dir - straight line, f/p - jackal
Aim: a jackal (almost dead, 60% to hit)
The zap hits the jackal.
The jackal is almost dead.
The zap hits the jackal.
You kill the jackal!
The jackal bites you.
* * * LOW HITPOINT WARNING * * *
The jackal barely misses you. The jackal bites you.
You die...

####### #~P♣♣ ##....@##
##♣~~~~♣ ## ##.....hh##
##~~~~~≈♣♣♣ ...#
#......r..# ##~P~P≈≈≈~~♣
.....#......†.g#
#PP~~≈PP~≈~~
#...........##♣~P~~P~~≈~~~
#.#.........##~~~~≈~≈≈≈~P~
#...........#...~~~~~≈~~~~
#...............)......†.†
#.............♣.≈~~~~~~~~~


You could see a quokka, 2 jackals and a hobgoblin.

Vanquished Creatures
  A giant cockroach (D:1)
  A hobgoblin (D:1)
  A jackal (D:1)
  A quokka (D:1)
  2 ball pythons (D:1)
  A bat (D:1)
  A frilled lizard (D:1)
  A kobold (D:1)
9 creatures vanquished.

Vanquished Creatures (others)
  8 plants (D:1)
8 creatures vanquished.

Grand Total: 17 creatures vanquished

Notes
Turn   | Place    | Note
-------+----------+-------------------------------------------
     0 | D:1      | NinjaNoafa the Draconian Air Elementalist began the quest
                  | for the Orb.
     0 | D:1      | Reached XP level 1. HP: 14/14 MP: 3/3
   198 | D:1      | Slain by a jackal

Illustrated notes

Levels and vault maps discovered:
D:1:      dpeg_arrival_shelter, layout_rooms, serial_bayou, serial_bayou_lake_a,
          serial_bayou_pond_e, serial_bayou_shore_b, serial_bayou_pond_d,
          serial_bayou_ford_a, serial_bayou_lagoon_b

Action                     || total
---------------------------++-------
  Melee: Unarmed           ||    20
         Tailslap          ||     2
   Cast: Shock             ||    17
    Use: Potion            ||     1
 Armour: Skin              ||    29
  Dodge: Dodged            ||    74

Table legend: (Time is in decaauts)
 A = Elapsed time spent in this place.
 B = Non-inter-level travel time spent in this place.
 C = Inter-level travel time spent in this place.
 D = Time resting spent in this place.
 E = Time spent auto-exploring this place.
 F = Levels seen in this place.
 G = Mean time per level.
                   A        B        C        D        E       F      G
               +--------+--------+--------+--------+--------+-----+--------+
         Total |    228 |    228 |      0 |      0 |     37 |   1 |  228.0 |
       Dungeon |    228 |    228 |      0 |      0 |     37 |   1 |  228.0 |
               +--------+--------+--------+--------+--------+-----+--------+

Top non-repeatable levels by time:
     D:1: 228 daAuts
